 Dungeon Crawl Stone Soup version 0.28-a0-850-g09de17f5b5 (webtiles) character file.

Game seed: 4740384537289500616

598 Twinkles the Sneak (level 7, -7/82 HPs)
             Began as a Vampire Berserker on Nov 14, 2021.
             Was a Priest of Trog.
             Mangled by a gnoll (13 damage)
             ... on level 5 of the Dungeon.
             The game lasted 00:13:26 (3556 turns).

Twinkles the Sneak (Vampire Berserker)              Turns: 3556, Time: 00:13:27

Health: -7/82      AC:  6    Str: 17    XL:     7   Next: 17%
Magic:  7/7        EV: 13    Int: 10    God:    Trog [***...]
Gold:   222        SH:  0    Dex: 14    Spells: 6/6 levels left

rFire   + . .      SeeInvis +   u - +2 dagger (vamp)
rCold   . . .      Faith    .   (no shield)
rNeg    + . .      Spirit   .   g - +2 leather armour {rF+}
rPois   .          Reflect  .   (no helmet)
rElec   .          Harm     .   m - +0 cloak
rCorr   .          Rampage  .   (no gloves)
Will    +++..                   (no boots)
Stlth   ..........              (no amulet)
HPRegen 1.43/turn               b - ring of willpower
MPRegen 0.10/turn               n - ring of positive energy

@: berserking (expiring), strong-willed, regenerating, very quick
A: alive, fangs 3, see invisible, vampiric 2
a: Exsanguinate, Renounce Religion, Berserk, Trog's Hand


You were on level 5 of the Dungeon.
You worshipped Trog.
Trog was most pleased with you.
You visited 1 branch of the dungeon, and saw 5 of its levels.

You collected 222 gold pieces.

Inventory:

Hand Weapons
 a - a +0 falchion
 i - a +0 dagger of venom
 u - a +2 vampiric dagger (weapon)
Missiles
 l - 56 poisoned darts
 s - 183 stones (quivered)
Armour
 g - a +2 leather armour of fire resistance (worn)
 m - a +0 cloak (worn)
Jewellery
 b - a ring of willpower (left hand)
 n - a ring of positive energy (right hand)
 y - a ring of positive energy
Wands
 d - a wand of digging (1)
Scrolls
 c - 2 scrolls of summoning {unknown}
 h - a scroll of fog {unknown}
 j - 3 scrolls of noise {unknown}
 k - 2 scrolls of enchant weapon {unknown}
 p - a scroll of blinking {unknown}
 q - a scroll of enchant armour {unknown}
 r - 2 scrolls of amnesia {unknown}
 w - 3 scrolls of identify {unknown}
 x - 2 scrolls of teleportation {unknown}
 D - a scroll of immolation {unknown}
Potions
 e - 4 potions of heal wounds {unknown}
 f - a potion of resistance {unknown}
 o - a potion of degeneration {unknown}
 t - a potion of invisibility {unknown}
 v - 2 potions of lignification {unknown}
 z - a potion of curing {unknown}
 A - a potion of mutation {unknown}
 B - 2 potions of might {unknown}
 C - a potion of haste {unknown}


   Skills:
 + Level 4.4 Fighting
 + Level 4.8 Long Blades
 - Level 1.5 Armour
 + Level 4.7 Dodging
 + Level 5.6 Stealth


You had 6 spell levels left.
You didn't know any spells.
Your spell library was empty.

Dungeon Overview and Level Annotations

Branches:
Dungeon (5/15)
 Temple: D:4-7

Altars:
Gozag
Ru

Shops:
D:4 =*


Innate Abilities, Weirdness & Mutations

Your natural rate of healing is accelerated.
You have razor-sharp teeth.
You have supernaturally acute eyesight. (SInv)
You are afflicted with vampirism and can become a bat while bloodless.


Message History

You feel a strong urge to attack something.
The gnoll sergeant hits you with a +0 spear!
* * * LOW HITPOINT WARNING * * *
The gnoll hits you from afar with a +0 halberd.
* * * LOW HITPOINT WARNING * * *
You hit the gnoll sergeant.
You feel better. The gnoll sergeant blocks your attack.
The gnoll sergeant is lightly wounded.
The gnoll barely misses you. The gnoll sergeant blocks your attack.
The gnoll sergeant is lightly wounded.
The gnoll sergeant barely misses you. The gnoll closely misses you.
The gnoll misses you.
You puncture the gnoll sergeant! The gnoll sergeant blocks your attack.
The gnoll sergeant is heavily wounded.
The gnoll sergeant closely misses you. The gnoll barely misses you.
You puncture the gnoll sergeant!
You feel better.
The gnoll sergeant is severely wounded.
The gnoll completely misses you.
You barely miss the gnoll sergeant.
The gnoll sergeant is severely wounded.
The gnoll sergeant hits you with a +0 spear!
* * * LOW HITPOINT WARNING * * *
The gnoll closely misses you.
You barely miss the gnoll sergeant.
The gnoll sergeant is severely wounded.
The gnoll hits you but does no damage. The gnoll sergeant blocks your attack.
Your bite misses the gnoll sergeant.
The gnoll sergeant is severely wounded.
The gnoll sergeant completely misses you.
The gnoll closely misses you.
You closely miss the gnoll sergeant. Your bite misses the gnoll sergeant.
The gnoll sergeant is severely wounded.
The gnoll barely misses you. The gnoll sergeant blocks your attack.
You bite the gnoll sergeant!
You kill the gnoll sergeant!
Trog accepts your kill. The gnoll misses you. The gnoll closely misses you.
The gnoll hits you with a +0 halberd!
You die...

# ##. #.# #.# #. #..
#.###.# . #_# #.....#
#g #.# ###.### g###
#.# #.# !.# #.# #.#
#S# #.# #.# #.# #.#
#.#
######.####@######.#
.........†.gg.......#
#######.#############
#.# #.# #.# #(# #.#
..


You could see 2 gnolls.

Vanquished Creatures
  Grinder (D:3)
  A gnoll sergeant (D:5)
  A scorpion (D:5)
  A bullfrog skeleton (D:5)
  A hound (D:4)
  Ijyb (D:4)
  A hound skeleton (D:4)
  A gnoll (D:5)
  9 adders
  A howler monkey skeleton (D:4)
  2 worms
  2 dart slugs
  3 orcs
  9 endoplasms
  3 giant cockroaches
  6 hobgoblins
  7 jackals
  5 kobolds
  3 quokkas
  5 ball pythons
  5 bats
  3 frilled lizards
  7 goblins
  7 rats
85 creatures vanquished.

Vanquished Creatures (others)
  13 plants (D:3)
13 creatures vanquished.

Grand Total: 98 creatures vanquished

Notes
Turn   | Place    | Note
-------+----------+-------------------------------------------
     0 | D:1      | Twinkles the Vampire Berserker began the quest for the Orb.
     0 | D:1      | Reached XP level 1. HP: 17/17 MP: 1/1
    71 | D:1      | HP: 3/17 [jackal (3)]
    74 | D:1      | Reached skill level 1 in Stealth
    77 | D:1      | Reached XP level 2. HP: 9/23 MP: 2/2
   513 | D:1      | Gained mutation: You are afflicted with vampirism and can
                  | become a bat while bloodless. [Vampire growth]
   513 | D:1      | Reached XP level 3. HP: 29/29 MP: 3/3
   537 | D:1      | Reached skill level 2 in Stealth
   776 | D:2      | Reached ** piety under Trog
   806 | D:2      | Found an opulent altar of Gozag.
  1061 | D:2      | Found a faded altar of an unknown god.
  1074 | D:2      | Reached XP level 4. HP: 30/35 MP: 4/4
  1459 | D:3      | Reached skill level 3 in Stealth
  1506 | D:3      | Noticed Grinder
  1529 | D:3      | Killed Grinder
  1530 | D:3      | Reached skill level 4 in Stealth
  1530 | D:3      | Reached XP level 5. HP: 42/42 MP: 5/5
  1530 | D:3      | Reached XP level 6. HP: 48/48 MP: 6/6
  2403 | D:4      | Found Itedej's Assorted Antiques.
  2557 | D:4      | Noticed Ijyb
  2576 | D:4      | Killed Ijyb
  2730 | D:4      | Found Jiuwoc's Jewellery Shop.
  3053 | D:4      | Reached *** piety under Trog
  3104 | D:4      | Reached skill level 5 in Stealth
  3194 | D:5      | Entered Level 5 of the Dungeon
  3483 | D:5      | Found a sacrificial altar of Ru.
  3493 | D:5      | Reached XP level 7. HP: 54/54 MP: 7/7
  3538 | D:5      | HP: 16/54 [gnoll (1)]
  3546 | D:5      | HP: 8/81 [gnoll sergeant (12)]
  3546 | D:5      | HP: 2/81 [gnoll (6)]
  3551 | D:5      | HP: 1/81 [gnoll sergeant (7)]
  3556 | D:5      | Mangled by a gnoll

Illustrated notes

Levels and vault maps discovered:
D:1:      nicolae_arrival_washed_ashore, layout_basic
D:2:      layout_basic, ebering_ecumenical_altar_mist, basic_altar,
          minmay_surrounded
D:3:      layout_basic, serial_bayou, serial_bayou_pond_d, serial_bayou_pond_e,
          serial_bayou_lake_a, serial_bayou_pond_d, serial_bayou_ford_a,
          uniq_grinder
D:4:      layout_loops_ring, serial_shops, nicolae_lakefront_shop, shop,
          hangedman_abyss_or_decor_passed, minmay_pentangle, uniq_ijyb
D:5:      layout_loops_ring, overflow_temple_1_default

Skill      XL: |  1  2  3  4  5  6 |
---------------+-------------------+-----
Stealth        | 1 2 4 5 |  5.6
Fighting       | 3 4 |  4.4
Dodging        | 3 4 |  4.7
Long Blades    | 4 |  4.8
Armour         | |  1.5

Action                   |  1- 3 |  4- 6 |  7- 9 || total
-------------------------+-------+-------+-------++-------
Melee: Falchion          |    39 |       |       ||    39
       Bite              |    10 |    22 |     2 ||    34
       Dagger            |    85 |   160 |    27 ||   272
Invok: Berserk           |     1 |     3 |     1 ||     5
       Trog's Hand       |       |     2 |     1 ||     3
 Stab: Sleeping          |     1 |     7 |     1 ||     9
Armor: Animal skin       |     8 |       |       ||     8
       Leather armour    |    31 |    35 |    11 ||    77
Dodge: Dodged            |    70 |    86 |    36 ||   192

Table legend: (Time is in decaauts)
 A = Elapsed time spent in this place.
 B = Non-inter-level travel time spent in this place.
 C = Inter-level travel time spent in this place.
 D = Time resting spent in this place.
 E = Time spent auto-exploring this place.
 F = Levels seen in this place.
 G = Mean time per level.
                   A        B        C        D        E       F      G
               +--------+--------+--------+--------+--------+-----+--------+
         Total |   3612 |   3460 |    152 |    138 |   2553 |   5 |  722.4 |
       Dungeon |   3612 |   3460 |    152 |    138 |   2553 |   5 |  722.4 |
               +--------+--------+--------+--------+--------+-----+--------+

Top non-repeatable levels by time:
     D:3: 1094 daAuts
     D:4: 870 daAuts
     D:1: 693 daAuts
     D:2: 593 daAuts
     D:5: 361 daAuts
